 Dungeon Crawl Stone Soup version 0.20.1-1-g8b1a95d (webtiles) character file.

175 dohliylev the Covert (level 5, -1/35 HPs)
             Began as a Vampire Enchanter on Dec 17, 2017.
             Slain by a ball python (2 damage)
             ... on level 3 of the Dungeon.
             The game lasted 00:10:07 (2780 turns).

dohliylev the Covert (Vampire Enchanter)            Turns: 2780, Time: 00:10:07

Health: -1/35      AC:  2    Str:  7    XL:     5   Next: 29%
Magic:  0/8        EV:  9    Int: 24    God:
Gold:   150        SH:  0    Dex: 14    Spells: 3/8 levels left

rFire    . . .     SeeInvis +   a - +1 dagger
rCold    . . .     Gourm    .   (no shield)
rNeg     + + .     Faith    .   b - +0 robe
rPois    .         Spirit   .   (no helmet)
rElec    .         Reflect  .   (no cloak)
rCorr    .         Harm     .   (no gloves)
MR       .....                  (no boots)
Stlth    ++++......             (no amulet)
Regen    0.2/turn               e - ring of positive energy
MPRegen  0.2/turn               (no ring)

@: brilliant, constricted
A: fangs 3, see invisible, unbreathing
a: Bat Form


You were on level 3 of the Dungeon.
You were not thirsty.

You visited 1 branch of the dungeon, and saw 3 of its levels.

You collected 150 gold pieces.

Inventory:

Hand Weapons
 a - a +1 dagger (weapon)
Armour
 b - a +0 robe (worn)
Jewellery
 e - a ring of positive energy (left hand)
Scrolls
 f - 3 scrolls of immolation
 i - a scroll of remove curse
 j - 3 scrolls of identify
Potions
 d - 10 potions of blood
 k - a potion of might {unknown}
 l - 2 potions of flight {unknown}
Books
 c - a book of Maledictions

   Spells                             Type                      Level
   a - Corona                         Hexes                        1
   b - Ensorcelled Hibernation        Hexes/Ice                    2
   c - Confuse                        Hexes                        3
   d - Tukima's Dance                 Hexes                        3
   e - Dazzling Spray                 Conjuration/Hexes            3


   Skills:
 - Level 1.1 Short Blades
 - Level 2.1 Dodging
 - Level 8.1 Stealth
 - Level 2.0 Spellcasting
 + Level 6.0 Hexes
 - Level 0.4 Ice Magic


You had 3 spell levels left.
You knew the following spells:

 Your Spells              Type           Power        Failure   Level  Hunger
b - Ensorcelled Hibernat  Hex/Ice        ####..       1%          2    ##.....
c - Confuse               Hex            #####...     1%          3    ###....


Dungeon Overview and Level Annotations

Branches:
Dungeon (3/15)

Altars:
Fedhas
Sif Muna
Xom


Innate Abilities, Weirdness & Mutations

You have razor-sharp teeth.
You have supernaturally acute eyesight. (SInv)
You can survive without breathing.


Message History

You hit the kobold but do no damage. The kobold hits you.
* * * LOW HITPOINT WARNING * * *
The ball python bites you but does no damage.
The ball python barely misses you.
You hit the kobold.
The kobold is moderately wounded.
The ball python barely misses you. The ball python misses you.
The kobold misses you.
Your magical contamination has completely faded away.
You closely miss the kobold.
The kobold is moderately wounded.
The ball python barely misses you. x2; The kobold barely misses you.
The ball python bites you but does no damage.
The ball python grabs you.
* * * LOW HITPOINT WARNING * * *
The ball python constricts you.
You hit the kobold.
You kill the kobold!
The ball python bites you.
You die...

## ...≈.≈ ≈≈≈ ####.#≈.#≈_≈#
########≈.#..⌠.#..≈#.≈
##########.....#...≈⌠##.....≈..
.o....).....######⌠≈≈.≈≈.#.≈#..#
#########.#....#@#r≈.##≈#.#≈#≈..
####...####.Sl...≈.≈.≈≈?..#
#........)##.⌠#≈.≈.#..#.#.#
#.##...###<##..#((.##..≈≈≈# #
##....#)###..≈.#≈.#
##.#.#.#.######.## # #.....#.#
##....# ## #. ##...##.###.#..##
... #.#####.#.##.........#...


You could see a ball python, a frilled lizard and a rat.

Vanquished Creatures
  Natasha (thrice) (D:2)
  4 adders (D:2)
  An ooze (D:1)
  A worm (D:2)
  2 dart slugs
  4 orcs (D:3)
  A ball python (D:2)
  6 bats
  2 giant cockroaches
  7 hobgoblins
  A jackal (D:2)
  8 kobolds
  3 frilled lizards
  5 goblins
  5 rats
53 creatures vanquished.

Notes
Turn   | Place    | Note
-------+----------+-------------------------------------------
     0 | D:1      | dohliylev the Vampire Enchanter began the quest for the Orb.
     0 | D:1      | Reached XP level 1. HP: 13/13 MP: 3/3
   411 | D:1      | Reached skill level 5 in Stealth
   447 | D:1      | Reached XP level 2. HP: 15/19 MP: 3/5
   451 | D:1      | Learned a level 2 spell: Ensorcelled Hibernation
   760 | D:1      | Reached skill level 6 in Stealth
   854 | D:1      | Reached XP level 3. HP: 20/24 MP: 6/6
   885 | D:1      | Learned a level 3 spell: Confuse
  1301 | D:2      | Noticed Natasha
  1618 | D:2      | Killed Natasha
  1618 | D:2      | Reached skill level 7 in Stealth
  1618 | D:2      | Reached XP level 4. HP: 30/30 MP: 4/7
  1772 | D:2      | Found a blossoming altar of Fedhas.
  2000 | D:2      | Reached skill level 8 in Stealth
  2231 | D:2      | Noticed Natasha
  2236 | D:2      | Killed Natasha
  2236 | D:2      | Reached skill level 5 in Hexes
  2236 | D:2      | Reached XP level 5. HP: 35/35 MP: 3/8
  2240 | D:2      | Noticed Natasha
  2284 | D:2      | Killed Natasha
  2526 | D:3      | Found a deep blue altar of Sif Muna.
  2749 | D:3      | Found a shimmering altar of Xom.
  2779 | D:3      | HP: 1/35 [ball python (1)]
  2780 | D:3      | Slain by a ball python

Skill      XL: |  1  2  3  4  5 |
---------------+----------------+-----
Stealth        | 5 6 7 8 |  8.1
Hexes          | 5 6 |  6.0
Short Blades   | |  1.1
Dodging        | |  2.1
Spellcasting   | |  2.0
Ice Magic      | |  0.4

Action                   |  1- 3 |  4- 6 || total
-------------------------+-------+-------++-------
Melee: Dagger            |    67 |    43 ||   110
       Bite              |     7 |     1 ||     8
 Cast: Corona            |     4 |     1 ||     5
       Ensorcelled Hiber |    14 |    27 ||    41
       Confuse           |     2 |       ||     2
 Abil: End Transformatio |     1 |       ||     1
       Bat Form          |     1 |       ||     1
  Use: Potion            |     3 |     3 ||     6
       Scroll            |       |     5 ||     5
 Stab: Sleeping          |    16 |    21 ||    37
       Confused          |     1 |       ||     1
  Eat: Corpse            |     2 |     5 ||     7
Armor: Robe              |    15 |    13 ||    28
Dodge: Dodged            |    32 |    45 ||    77
